 Dungeon Crawl Stone Soup version 0.31.0-11-ge490571c62 (webtiles) character file.

Game seed: 421285439683813578

1725219 particleface the Slayer (level 22, 136/136 (182) HPs)
             Began as a Minotaur Fighter on Jan 28, 2024.
             Was the Champion of Ru.
             Escaped with the Orb
             ... and 3 runes!
             The game lasted 01:09:54 (55937 turns).

particleface the Slayer (Minotaur Fighter)         Turns: 55937, Time: 01:09:54

HP:   136/136 (182) AC: 40    Str: 24 (26) XL:     22   Next: 5%
MP:   18/18         EV: 16    Int:  7 (9)  God:    Ru [******]
Gold: 3425          SH: 16    Dex: 22 (25) Spells: 21/21 levels left

rFire   + + +        a - +9 broad axe (drain)
rCold   + . .        N - +0 kite shield {rF+}
rNeg    + . .        l - +9 gold dragon scales {rC+, rF+, rP+}
rPois   +            (helmet restricted)
rElec   +            S - scarf of Qikkeo {+Inv, rElec}
rCorr   .            W - +2 pair of gloves {Dex+3}
SInv    .            R - +2 pair of boots
Will    +....        X - dreamshard necklace {Acrobat *Dream} Stlth
                     w - ring of Leaves {rN+ Str+4}
HPRegen 0.42/turn    F - ring "Ylocaj" {rF++ Int+6}
MPRegen 0.16/turn

%: acrobat
@: studying Ice Magic, very heavily drained
A: horns 2, low MP 1, weak 2, no stealth, hated by all, no earth magic, no
necromancy magic, no alchemy magic, disrupted magic 1, inexperienced 1,
retaliatory headbutt, no forms, agile 2, deterioration 2, frail 2, sense
surroundings 1, screaming 1, no potion heal 1, heat vulnerability 1, subdued
magic 1, inability to read after injury 2, devolution 1, persistent drain
0: Orb of Zot
}: 3/15 runes: barnacled, slimy, gossamer
a: Renounce Religion, Evoke Invisibility, Draw Out Power, Power Leap, Apocalypse


You escaped.
You worshipped Ru.
Ru was exalted by your worship.
You visited 9 branches of the dungeon, and saw 45 of its levels.
You also visited: Ossuary and Ice Cave.

You collected 5629 gold pieces.
You spent 2204 gold pieces at shops.

Inventory:

Hand Weapons
 a - a +9 broad axe of draining (weapon)
   (You acquired it on level 7 of the Dungeon)
 b - the +12 longbow "Kythreh" {speed, rPois}
   (You found it on level 3 of the Depths)

   rPois:     It protects you from poison
 v - the +6 arbalest "Eceas" {drain, rElec rCorr Int-4 SInv}
   (You took it off a vampire knight on level 2 of the Depths)

   Int-4:     It affects your intelligence (-4).
   rElec:     It insulates you from electricity.
   SInv:      It lets you see invisible.
   rCorr:     It protects you from acid and corrosion.
Missiles
 t - 13 silver javelins (quivered)
 A - 18 javelins
 G - 6 curare-tipped darts
 Q - 5 throwing nets {=f, !d}
 V - 50 boomerangs
Armour
 l - +9 gold dragon scales (worn) {rC+, rF+, rP+}
   (You took it off Parghit on level 3 of the Depths)
 C - a +2 cloak of willpower
   (You took it off a draconian annihilator on level 3 of the Realm of Zot)
 N - a +0 kite shield of fire resistance (worn)
   (You bought it in a shop on level 2 of the Orcish Mines)
 R - a +2 pair of boots (worn)
   (You found it on level 3 of the Lair of Beasts)
 S - the scarf of Qikkeo (worn) {+Inv, rElec}
   (You acquired it on level 2 of the Depths)

   rElec:     It insulates you from electricity.
 W - a +2 pair of gloves of dexterity (worn)
   (You found it on level 4 of the Spider Nest)
Jewellery
 c - a ring of see invisible {sInv}
   (You found it on level 5 of the Pits of Slime)
 p - an amulet of regeneration
   (You found it on level 3 of the Dungeon)
 w - the ring of Leaves (left hand) {rN+ Str+4}
   (You found it in an ice cave)

   [ring of positive energy]

   Str+4:     It affects your strength (+4).
   rN+:       It protects you from negative energy.
 F - the ring "Ylocaj" (right hand) {rF++ Int+6}
   (You took it off a merfolk impaler on level 4 of the Shoals)

   [ring of intelligence]

   Int+6:     It affects your intelligence (+6).
   rF++:      It greatly protects you from fire.
 J - a ring of resist corrosion
   (You took it off Erica on level 11 of the Dungeon)
 T - a +6 ring of strength
   (You found it on level 3 of the Lair of Beasts)
 X - the dreamshard necklace (around neck) {Acrobat *Dream}
   (You took it off a guardian mummy on level 2 of the Depths)

   [amulet of the acrobat]

   *Dream:    It absorbs a single lethal wound into itself, holding its wearer
   just short of death and releasing dream-creatures to guard them.
   Acrobat:   It increases your evasion while moving and waiting.
Talismans
 P - the beast talisman of Complete Protection {rCorr MP+9 Int-4 Slay-5}
   (You found it on level 2 of the Lair of Beasts)

   [beast talisman]

   Int-4:     It affects your intelligence (-4).
   Slay-5:    It affects your accuracy & damage with ranged weapons and melee
   (-5).
   MP+9:      It affects your magic capacity (+9).
   rCorr:     It protects you from acid and corrosion.
Wands
 g - a wand of mindburst (20)
   (You found it on level 10 of the Dungeon)
 k - a wand of acid (11)
   (You found it on level 2 of the Spider Nest)
 o - a wand of roots (46)
   (You found it on level 2 of the Dungeon)
 u - a wand of charming (43)
   (You found it on level 4 of the Dungeon)
 K - a wand of digging (13)
   (You found it on level 1 of the Lair of Beasts)
 Z - a wand of flame (97)
   (You found it on level 7 of the Dungeon)
Scrolls
 e - a scroll of blinking {!r!d}
 f - 2 scrolls of silence
 q - 9 scrolls of teleportation {!r!d, @r3}
 r - 5 scrolls of vulnerability {!r!r}
 s - 8 scrolls of identify {@r1}
 x - 2 scrolls of fear
 y - 2 scrolls of brand weapon
 H - 11 scrolls of poison {!r}
 M - 6 scrolls of immolation {!r}
 U - a scroll of fog
Potions
 d - 3 potions of might
 h - 3 potions of enlightenment
 i - a potion of heal wounds {@q2, !d}
 j - 4 potions of magic
 m - 2 potions of curing {@q1, !d}
 n - 7 potions of lignification {!q}
 E - a potion of invisibility
 I - a potion of resistance
 O - 2 potions of attraction {!q}
 Y - 4 potions of berserk rage {!q}
Miscellaneous
 B - a phial of floods
   (You found it on level 4 of the Shoals)
 L - a lightning rod (4/4)
   (You found it on level 1 of the Lair of Beasts)


   Skills:
 + Level 26.0 Fighting
 - Level 18.0 Axes
 - Level 16.0 Throwing
 + Level 21.6 Armour
 + Level 18.9 Dodging
 + Level 18.5 Shields
 - Level 14.0 Evocations


You had 21 spell levels left.
You didn't know any spells.
Your spell library contained the following spells:

 Spells                   Type           Power      Damage    Failure   Level
 Apportation              Tloc           0%         N/A       100%        1
 Necrotise                Necr           Unusable   1d4       N/A         1
 Sting                    Conj/Alch      Unusable   1d3       N/A         1
 Summon Small Mammal      Summ           Unusable   N/A       N/A         1

Dungeon Overview and Level Annotations

Branches:
Dungeon (15/15)            Temple (1/1) D:7            Lair (5/5) D:10
 Shoals (4/4) Lair:3       Spider (4/4) Lair:3        Slime (5/5) Lair:4
    Orc (2/2) D:9             Elf (0/3) Orc:2        Vaults (0/5) D:13
 Depths (4/4) D:15            Zot (5/5) Depths:4    Ossuary (visited)
  IceCv (visited)

Altars:
Ashenzari
Cheibriados
Dithmenos
Elyvilon
Gozag
Kikubaaqudgha
Makhleb
Nemelex Xobeh
Okawaru
Qazlal
Ru
Sif Muna
Trog
Uskayaw
Vehumet
Wu Jian
Xom
Zin
The Shining One

Shops:
D:3 (::   D:6 :   D:10 *   Orc:2 :*[(

Portals:
Hell: Depths:1 Depths:3 Depths:4
Abyss: Depths:2 Depths:3
Pandemonium: Depths:2 Depths:3
Ziggurat: Depths:1

Annotations:
D:3 1 runed translucent door, Drazool's ghost, amateur KoWn
Lair:4 1 runed translucent door, Gud Boel's ghost, journeyman DjFE
Lair:5 exclusion: obsidian statue
Shoals:2 3 runed translucent doors
Shoals:3 2 runed translucent doors, Vadun's ghost, adept TeMo
Orc:1 2 transporters, drcatpants2's ghost, journeyman TrSh


Innate Abilities, Weirdness & Mutations

You have a pair of horns on your head.
Your magical capacity is low. (-10% MP)
You are very weak. (Str -4)
You cannot be stealthy.
You are hated by all.
You cannot study or cast Earth magic.
You cannot study or cast Necromancy magic.
You cannot study or cast Alchemy magic.
Your casting is slightly disrupted.
You are somewhat inexperienced. (-1 XL)
You reflexively headbutt those who attack you in melee.
You cannot voluntarily change form.
You are very agile. (Dex +8, Str/Int -2)
Your body often deteriorates upon taking damage.
You are very frail. (-20% HP)
You passively map a small area around you.
You occasionally shout uncontrollably at your foes.
Potions are less effective at restoring your health.
You are vulnerable to heat. (rF-)
Your spells are a little easier to cast, but a little less powerful.
You sometimes lose the ability to read scrolls when taking damage.
You have hidden genetic defects.
Your health recovers twice as slowly from being drained.


Message History

You furiously retaliate!
You headbutt the large abomination. You slice the large abomination!!
You barely miss the Ice Fiend.
Unknown command.
You slice the large abomination!!
You destroy the large abomination!
You slash the Ice Fiend! The Ice Fiend gestures at you.
The bolt of cold hits you. You resist.
You take 5 damage, and have 130/135 hp.
You slice the Ice Fiend!!
The Ice Fiend begins to attack, but is stunned by your conviction!
Unknown command.
You completely miss the Ice Fiend. You headbutt the Ice Fiend.
The Ice Fiend gestures at you. The bolt of cold hits you!! You resist.
You focus your inner power and blind the Ice Fiend in retribution!
You take 20 damage, and have 111/135 hp.
You strike the helpless Ice Fiend from behind!
You slice the Ice Fiend!! You headbutt the Ice Fiend!
Unknown command.
You hit the Ice Fiend.
You headbutt the Ice Fiend, but do no damage.
You redirect the Ice Fiend's attack!
The Ice Fiend misses you.
The Ice Fiend claws you but does no damage.
Unknown command.
You catch the helpless Ice Fiend completely off-guard!
You slice the Ice Fiend like a ripe choko!!!
You kill the Ice Fiend!
No target in view!
Unknown command.
No target in view!
No target in view!
Unknown command.
No target in view!
No target in view!
Unknown command.
No target in view!
(D) Dungeon (T) Temple (L) Lair (A) Shoals (N) Spider Nest (M) Slime Pits (O) Orcish Mines (E) Elven Halls (V) Vaults (U) Depths (H) Hell (Z) Zot
Where to? (Tab/Enter - D:1, ? - help)
You see here a +4 shortbow.
There is an open door here.
There is a stone staircase leading up here.
You climb upwards.
There is a stone staircase leading down here.
There is a stone staircase leading up here.
You climb upwards.
There is a stone staircase leading down here.
A neqoxec comes into view.
Health restored: 136 The neqoxec gestures at you.
Something gnaws on your mind!
You feel your power leaking away.
You focus your inner power and paralyse the neqoxec in retribution!
There is a stone staircase leading up here.
You take 7 damage, and have 129/136 hp.
You now have 15/18 mp.
Unknown command.
You climb upwards.
There is a stone staircase leading down here.
Unknown command.
You can't go up here!
(D) Dungeon (T) Temple (L) Lair (A) Shoals (N) Spider Nest (M) Slime Pits (O) Orcish Mines (E) Elven Halls (V) Vaults (U) Depths (H) Hell (Z) Zot
Where to? (Tab/Enter - D:1, ? - help)
Things that are here:
a +0 scale mail; a +0 dagger
There is a stone staircase leading up, spattered with blood here.
You see here a scroll of amnesia.
You climb upwards.
There is a stone staircase leading down here.
There is a stone staircase leading up here.
You climb upwards.
There is a stone staircase leading down here.
A scorpion is nearby!
Health restored: 136; MP restored: 18
There is a stone staircase leading up here.
You climb upwards.
Level annotation: 1 runed translucent door, Drazool's ghost, amateur KoWn
There is a stone staircase leading down here.
(D) Dungeon (T) Temple (L) Lair (A) Shoals (N) Spider Nest (M) Slime Pits (O) Orcish Mines (E) Elven Halls (V) Vaults (U) Depths (H) Hell (Z) Zot
Where to? (Tab/Enter - D:1, ? - help)
An Orb Guardian comes into view.
There is a stone staircase leading up here.
You climb upwards.
There is a stone staircase leading down here.
(D) Dungeon (T) Temple (L) Lair (A) Shoals (N) Spider Nest (M) Slime Pits (O) Orcish Mines (E) Elven Halls (V) Vaults (U) Depths (H) Hell (Z) Zot
Where to? (Tab/Enter - D:1, ? - help)
There is a stone staircase leading up here.
You climb upwards.
There is a stone staircase leading down here.
Okay, then.
There is a staircase leading out of the dungeon here.
You have escaped!

#.......#.# #....#.
#.......#.# #....#.
#.......#.# #....#.
#.♣♣....#.# #....#.
#.♣♣....#.## #..(.#.
#......##..#########.
#.####.###...## #.
#.#....# #....## #.
###.@.## #.....## #.
#...# #......####.
##### #....#.#....
#....#......
#....###.... #....#
#>... #....# #.###
###### #.### #....


There were no monsters in sight!

Vanquished Creatures
  the Royal Jelly (Slime:5)
  5 dread liches (Zot:5 Zot:4)
  6 orbs of fire (Zot:5 Zot:4)
  A juggernaut (Depths:4)
  Josephina (Depths:2)
  Parghit (Depths:3)
  5 caustic shrikes (Depths:3 Depths:4)
  3 Killer Klowns (Zot:5)
  Saint Roka (Depths:1)
  7 golden dragons (Depths:3 Depths:4 Zot:1 Zot:3 Zot:5)
  5 electric golems (Zot:1 Zot:5 Zot:4)
  A Brimstone Fiend (D:14)
  A Tzitzimitl (Depths:3)
  12 tentacled monstrosities (Depths:1 Depths:2 Depths:3 Depths:4 Zot:1)
  A walking earthen tome (Depths:3)
  An Ice Fiend (D:9)
  6 liches (Depths:2 Depths:4)
  A quicksilver dragon (Zot:1)
  A sphinx (Depths:3)
  21 acid blobs (Slime:1 Slime:2 Slime:5)
  3 death cobs (Zot:1 Zot:4 Zot:5)
  26 Orb Guardians (Zot:5 Zot:4 D:14)
  2 ancient champions (Depths:2)
  2 tengu reavers (Depths:3)
  9 shadow dragons (Depths:3 Depths:4 Zot:1 Zot:4 Zot:5)
  11 storm dragons (Depths:4 Zot:1 Zot:2 Zot:3 Zot:5)
  14 azure jellies (Slime:1 Slime:2 Slime:5)
  5 rockslimes (Slime:1 Slime:2)
  5 draconian knights (Depths:4 Zot:1 Zot:2 Zot:5)
  A daeva (Shoals:3)
  6 fire giants (Depths:1 Depths:2 Depths:3)
  9 frost giants (Depths:1 Depths:3 Depths:4)
  5 draconian monks (Zot:1 Depths:4 Zot:2)
  5 draconian shifters (Depths:4 Zot:2 Zot:3 Zot:5)
  4 ghost moths (Spider:3 Spider:4 Zot:5)
  7 emperor scorpions (Spider:4)
  An iron dragon (Depths:4)
  3 cacodemons (Depths:2 Depths:3)
  4 draconian scorchers (Depths:4 Zot:3 Zot:5)
  An orc warlord (Orc:2)
  5 draconian stormcallers (Zot:1 Zot:2 Zot:3)
  3 broodmothers (Spider:4)
  5 formless jellyfish (Shoals:4 Slime:5)
  13 quicksilver oozes (Slime:2 Slime:4 Slime:5)
  11 very ugly things (Depths:1 Depths:2 Depths:3 Depths:4)
  4 draconian annihilators (Depths:4 Zot:1 Zot:3)
  6 stone giants (Depths:1 Depths:2 Depths:3 Depths:4)
  2 reapers (Depths:2)
  3 vampire knights (Depths:2)
  9 green draconians (Depths:4 Zot:1 Zot:2 Zot:3 Zot:5)
  10 spark wasps (Spider:3 Depths:2 Depths:1)
  8 yellow draconians (Depths:4 Zot:1 Zot:2 Zot:3 Zot:5)
  8 black draconians (Zot:1 Depths:4 Zot:2 Zot:3 Zot:5)
  3 red draconians (Depths:4 Zot:2 Zot:3)
  A white draconian (Zot:3)
  4 dire elephants (Lair:5)
  A war gargoyle (Depths:3)
  2 spectral pearl dragons (Depths:2)
  6 purple draconians (Depths:4 Zot:1 Zot:3 Zot:5 Zot:4)
  5 ettins (Depths:1 Depths:3 Depths:4)
  19 merfolk impalers (Shoals:2 Shoals:3 Shoals:4 Depths:3)
  6 merfolk javelineers (Shoals:1 Shoals:3 Shoals:4 Depths:3)
  2 mummy priests (Depths:2)
  6 fire dragons (Depths:3 Depths:2 Depths:4)
  2 entropy weavers (Spider:2 Spider:3)
  A rakshasa (Depths:1)
  4 great orbs of eyes (Slime:2 Slime:5)
  2 hell beasts (Depths:3)
  7 hydras (Lair:1 Lair:4 Lair:5 D:15)
  2 catoblepae (Lair:5 D:15)
  6 ice dragons (Depths:3 Depths:2 Depths:4)
  An ogre mage (D:15)
  5 radroaches (Spider:1 Spider:4)
  4 spriggan air magi (Depths:1 Depths:4)
  Erolcha (Orc:1)
  Erica (D:11)
  3 merfolk avatars (Shoals:1 Shoals:4)
  An alligator snapping turtle (Shoals:4)
  5 centaur warriors (D:13 D:14 D:15)
  3 deep troll shamans (Depths:1 Depths:4)
  4 tengu warriors (Depths:1 Depths:3)
  3 boulder beetles (D:11 D:13 D:15)
  3 death yaks (Shoals:4)
  6 merfolk aquamancers (Shoals:4)
  8 two-headed ogres (D:9 D:10 D:12 D:13 D:15)
  A hell hog (Depths:3)
  5 deep troll earth magi (Depths:1 Depths:2)
  12 demonic crawlers (Spider:1 Spider:2 Spider:4)
  3 orc high priests (Orc:2 Depths:1)
  3 dancing weapons (Depths:2)
  2 satyrs (Shoals:2 Shoals:4)
  2 holy swine (Shoals:4)
  A vampire mage (Depths:3)
  5 spriggan berserkers (Depths:3 Depths:4)
  Sonja (Lair:3)
  An occultist (Depths:3)
  6 spectral death yaks (Lair:5)
  Nergalle (D:12)
  4 sun demons (Shoals:3)
  A soul eater (Depths:2)
  4 skysharks (Shoals:1 Shoals:2 Shoals:3)
  4 pharaoh ants (Spider:2 Spider:4)
  2 iron trolls (Depths:2 Depths:1)
  A sea snake (shapeshifter) (Depths:2)
  11 orb spiders (Spider:1 Spider:3 Spider:4)
  A sixfirhy (Depths:1)
  17 deep trolls (Depths:1 Depths:2 Depths:4)
  5 glowing orange brains (D:15 Depths:2 Depths:3 Slime:2 Depths:4)
  A spectral anaconda (Lair:5)
  3 cherubim (Shoals:4)
  A shadow demon (Depths:4)
  A quicksilver dragon simulacrum (Depths:3)
  14 sea snakes (Shoals:1 Shoals:2 Shoals:3 Shoals:4)
  4 sun moths (Shoals:3 Spider:4)
  9 harpies (Shoals:2 Shoals:3 Shoals:4)
  10 orc knights (D:14 D:15 Orc:1 Orc:2 Depths:1)
  12 steelbarb worms (Spider:1 Spider:2 Spider:4)
  4 necromancers (IceCv Lair:5)
  3 phantasmal warriors (Depths:2)
  14 manticores (D:11 Lair:3 D:13 D:14 D:15)
  9 cyclopes (D:12 D:13 D:14 Shoals:4)
  A deep elf pyromancer (D:13)
  10 wolf spiders (Spider:1 Spider:3 Spider:4)
  8 orc sorcerers (Orc:1 Orc:2 Depths:1)
  24 ugly things (D:12 D:13 D:15 Depths:1 Depths:3)
  A salamander (Depths:4)
  6 fauns (Shoals:2 Shoals:3)
  The ghost of jkubb29 the Lord of Darkness, a novice DsNe of Kikubaaqudgha (D:9)
  An apis zombie (Depths:2)
  20 moths of wrath (Spider:2 Spider:3 Spider:4 Zot:1 Zot:2)
  9 shining eyes (Slime:1 Slime:2 Slime:4 Slime:5)
  A rust devil (Depths:3)
  5 merfolk sirens (Shoals:1 Shoals:2 Shoals:3 Shoals:4)
  10 elephants (Lair:4 Lair:5)
  A dire elephant zombie (Lair:5)
  3 black mambas (Lair:3 Lair:5)
  2 kobold blastminers (Orc:1)
  An ice statue (IceCv)
  A meliai (Lair:3)
  4 water nymphs (Shoals:3 Shoals:4)
  2 water nymphs (shapeshifter) (Depths:2 Depths:3)
  2 eyes of devastation (Slime:2 Slime:4)
  A guardian serpent (shapeshifter) (D:14)
  7 torpor snails (Lair:1 Lair:2 Lair:5 Spider:1 Spider:3)
  A gargoyle (D:12)
  A large abomination (D:9)
  A dire elephant skeleton (Lair:5)
  12 cane toads (Lair:1 Lair:2 Lair:3 Lair:5)
  An unseen horror (D:10)
  A komodo dragon (shapeshifter) (Depths:2)
  A hellion (Depths:1)
  3 rime drakes (Lair:3 Lair:5)
  9 komodo dragons (Lair:1 Lair:2 Lair:4 Lair:5)
  A golden dragon simulacrum (Depths:3)
  An efreet (D:15)
  A spectral glowing shapeshifter (Depths:2)
  2 tengu conjurers (Depths:1 Depths:2)
  4 freezing wraiths (IceCv D:15)
  14 ice devils (IceCv)
  A red devil (Zot:5)
  3 merfolk (shapeshifter) (D:15 Depths:2)
  7 guardian mummies (Depths:2)
  37 merfolk (Shoals:1 Shoals:2 Shoals:3 Shoals:4)
  3 hornets (D:7 Depths:3)
  A queen bee (shapeshifter) (D:15)
  10 trolls (D:11 D:12 D:13 D:14 Orc:1)
  A tarantella (shapeshifter) (Depths:2)
  A shadow dragon simulacrum (Depths:3)
  10 wind drakes (Lair:3 Shoals:1 Shoals:2 Shoals:3)
  17 tarantellas (Spider:1 Spider:2 Spider:4)
  3 glass eyes (Depths:1 Slime:2)
  3 polar bears (Lair:2 Lair:3 Lair:4)
  11 snapping turtles (Shoals:1 Shoals:2 Shoals:3 Shoals:4)
  5 blink frogs (Lair:3)
  A spectral elephant (Lair:5)
  A snapping turtle (shapeshifter) (Depths:2)
  A frost giant simulacrum (Depths:3)
  65 slime creatures (D:15 Slime:1 Slime:2 Slime:4 Slime:5)
  22 jumping spiders (Spider:1 Spider:2 Spider:3 Spider:4)
  6 dream sheep (Shoals:4)
  15 culicivoras (Spider:1 Spider:2 Spider:3 Spider:4)
  15 water elementals (Shoals:2 Shoals:4 Depths:1 Depths:3)
  A spriggan (shapeshifter) (D:13)
  2 spriggans (Depths:3)
  6 wyverns (D:7 D:9 Lair:2 Lair:3 Lair:4)
  3 dire elephant simulacra (IceCv)
  32 yaks (D:9 Lair:1 Lair:2 Lair:3 Lair:5)
  2 wraiths (D:12)
  Eustachio (D:5)
  2 wargs (Orc:1 Orc:2)
  48 redbacks (Spider:1 Spider:2 Spider:3 Spider:4)
  3 golden eyes (Slime:5)
  A redback (shapeshifter) (Depths:3)
  5 basilisks (Lair:2 Lair:5 D:13 D:14 D:15)
  4 death yak simulacra (IceCv)
  7 vampire mosquitoes (D:9 D:10 D:12)
  2 harpy simulacra (IceCv)
  2 glowing shapeshifter zombies (Depths:2)
  3 spectral cane toads (Lair:5)
  A hydra simulacrum (IceCv)
  2 acid dragons (D:10 D:12)
  14 water moccasins (D:6 D:7 Lair:1 Lair:2 Lair:3)
  An ice beast (D:6)
  7 ogres (D:5 D:6 D:15 Orc:1 Orc:2)
  29 orc warriors (D:10 Orc:1 Orc:2)
  2 elephant zombies (Lair:5)
  7 black bears (D:5 D:6 Lair:1)
  10 wolves (Lair:2 Lair:4)
  7 centaurs (D:5 D:7 D:9 D:11)
  3 kobold brigands (D:7 D:8 D:9)
  A phantom (D:7)
  11 bullfrogs (D:7 D:8 Lair:1 Lair:2 Lair:3)
  4 scorpions (D:4 D:5 D:7)
  A glowing shapeshifter simulacrum (Depths:3)
  A two-headed ogre simulacrum (IceCv)
  8 cane toad simulacra (IceCv Lair:5)
  9 wights (D:7 D:8 D:9)
  20 killer bees (D:8 D:9 Lair:3)
  6 elephant simulacra (IceCv Lair:5)
  5 howler monkeys (D:5 D:7 D:9 D:13)
  5 electric eels (Lair:4 Spider:2 Spider:4)
  A bombardier beetle (D:4)
  5 jellies (D:5 D:9)
  30 orc priests (D:6 D:7 D:9 D:10 D:11)
  4 hounds (D:4 D:5)
  2 gnoll boudas (D:5 D:8)
  4 iguanas (D:4 D:6 D:7)
  Natasha (thrice) (D:3)
  20 orc wizards (D:6 D:7 D:10 D:11 D:13)
  A scorpion zombie (D:5)
  5 polar bear simulacra (IceCv)
  3 spriggan simulacra (IceCv Depths:3)
  A wolf simulacrum (IceCv)
  4 hound skeletons (D:5)
  8 mummies (Ossuary)
  12 gnolls (D:5 D:6 D:8)
  2 howler monkey skeletons (D:5)
  12 adders (D:2 D:3 D:4 D:5 D:6)
  2 naga simulacra (IceCv)
  2 shadow imps (D:5 D:7)
  2 white imps (D:5 D:6)
  3 ufetubi (D:6 IceCv)
  2 adder skeletons (D:5)
  3 dart slugs (D:2 D:3)
  2 ribbon worms (D:2 D:3)
  96 orcs (D:5 D:6 D:7 D:8 D:9)
  2 endoplasms (D:2 D:3)
  3 giant cockroaches (D:1 D:3)
  4 gnoll zombies (Ossuary)
  5 goblins (D:1 D:2 D:4)
  9 hobgoblins (D:1 D:2 D:3 D:4)
  5 jackals (D:2 D:3)
  4 quokkas (D:2 D:3)
  12 ball pythons (D:1 D:2 D:3 D:4)
  2 bats (D:2 D:3)
  3 frilled lizards (D:1 D:3)
  21 kobolds (D:2 D:4 D:7 D:8 D:9)
  4 orc zombies (Ossuary)
  2 rats (D:2 D:3)
  3 spectral weapons (Zot:5)
1595 creatures vanquished.

Vanquished Creatures (others)
  A bone dragon (Depths:3)
  A lich (Depths:2)
  A ghost moth (Spider:4)
  A quicksilver ooze (Slime:5)
  A green draconian (Depths:4)
  A purple draconian (Zot:3)
  A jorogumo (Spider:4)
  A deep troll earth mage (Depths:2)
  A demonic crawler (Spider:3)
  An orc high priest (Orc:2)
  An orb spider (Spider:3)
  2 fauns (Shoals:2)
  2 harpies (Shoals:3 Shoals:4)
  A manticore (Shoals:1)
  A moth of wrath (Zot:1)
  An eye of devastation (Slime:2)
  A merfolk (Shoals:4)
  A wind drake (Shoals:4)
  A slime creature (D:15)
  2 yaks (Lair:5 Shoals:4)
  A redback (Spider:3)
  An orc wizard (Orc:2)
  An orc (Orc:2)
  4 tentacles (Shoals:2)
30 creatures vanquished.

Grand Total: 1625 creatures vanquished

Notes
Turn   | Place    | Note
-------+----------+-------------------------------------------
     0 | D:1      | particleface the Minotaur Fighter began the quest for the
                  | Orb.
     0 | D:1      | Reached XP level 1. HP: 19/19 MP: 0/0
   356 | D:1      | Reached skill level 4 in Fighting
   378 | D:1      | Reached skill level 3 in Axes
   378 | D:1      | Reached XP level 2. HP: 27/27 MP: 1/1
   397 | D:1      | You fall into a shaft and drop 1 floor!
   580 | D:2      | HP: 10/28 [ribbon worm (6)]
   581 | D:2      | Reached XP level 3. HP: 12/34 MP: 2/2
   617 | D:2      | HP: 17/34 [jackal (1)]
   624 | D:2      | HP: 17/34 [jackal (3)]
  1207 | D:3      | Noticed Natasha
  1212 | D:3      | Reached skill level 4 in Axes
  1213 | D:3      | Killed Natasha
  1214 | D:3      | Reached skill level 5 in Fighting
  1214 | D:3      | Reached XP level 4. HP: 42/42 MP: 3/3
  1277 | D:3      | Noticed Natasha
  1285 | D:3      | Killed Natasha
  1295 | D:3      | Found Icithryw's Weapon Emporium.
  1305 | D:3      | Found Dybliw's Book Emporium.
  1337 | D:3      | Found Mexyrip's Book Shoppe.
  1425 | D:3      | Found a runed translucent door.
  1427 | D:3      | Noticed Drazool's ghost (amateur KoWn)
  1430 | D:3      | Reached XP level 5. HP: 48/48 MP: 4/4
  1530 | D:3      | Noticed Natasha
  1539 | D:3      | Killed Natasha
  1540 | D:3      | Reached skill level 5 in Axes
  2129 | D:4      | Reached skill level 6 in Fighting
  2205 | D:4      | Reached XP level 6. HP: 58/58 MP: 5/5
  2336 | D:4      | Reached skill level 6 in Axes
  2582 | D:5      | Entered Level 5 of the Dungeon
  2675 | D:5      | Reached skill level 7 in Fighting
  2697 | D:5      | Found a sand-covered staircase.
  2713 | Ossuary  | Entered an ossuary
  2728 | Ossuary  | Reached XP level 7. HP: 59/66 MP: 6/6
  2778 | Ossuary  | Reached skill level 7 in Axes
  3080 | D:5      | Reached skill level 8 in Fighting
  3086 | D:5      | Reached skill level 8 in Axes
  3118 | D:5      | Reached XP level 8. HP: 60/75 MP: 7/7
  3294 | D:5      | Reached skill level 9 in Fighting
  3530 | D:5      | Noticed Eustachio
  3567 | D:5      | Killed Eustachio
  3687 | D:5      | Reached skill level 9 in Axes
  3872 | D:6      | Noticed Sigmund
  3874 | D:6      | Sigmund changed into Sigmund the adder
  3874 | D:6      | Noticed Sigmund
  3878 | D:6      | Killed Sigmund the adder
  3957 | D:6      | Reached skill level 10 in Fighting
  4257 | D:6      | Reached skill level 10 in Axes
  4482 | D:6      | Found a shimmering altar of Xom.
  4504 | D:6      | Reached XP level 9. HP: 57/86 MP: 8/8
  4958 | D:6      | Found Sifotzibb's Book Boutique.
  5229 | D:7      | Identified a scroll of acquirement
  5231 | D:7      | Acquired a +2 broad axe of draining
  5237 | D:7      | Reached skill level 11 in Axes
  5423 | D:7      | Reached skill level 12 in Axes
  5432 | D:7      | Found a staircase to the Ecumenical Temple.
  5443 | Temple   | Entered the Ecumenical Temple
  5499 | Temple   | Became a worshipper of Ru the Awakened
  5924 | D:7      | Reached skill level 13 in Axes
  6592 | D:8      | Gained mutation: You cannot study or cast Earth magic. [Ru
                  | sacrifice]
  6592 | D:8      | Gained mutation: You cannot study or cast Alchemy magic.
                  | [Ru sacrifice]
  6592 | D:8      | Gained mutation: You cannot study or cast Necromancy magic.
                  | [Ru sacrifice]
  6592 | D:8      | Reached * piety under Ru
  6650 | D:8      | Reached XP level 10. HP: 93/94 MP: 9/9
  6694 | D:8      | Reached skill level 14 in Axes
  6892 | D:8      | Identified the +0 helmet of Hangman {+Blink rC- Will+}
  7182 | D:9      | Found a runed translucent gate.
  7182 | D:9      | Found a runed translucent gate.
  7184 | D:9      | Found a runed translucent gate.
  7186 | D:9      | Noticed jkubb29's ghost (novice DsNe)
  7529 | D:9      | Found a staircase to the Orcish Mines.
  7533 | D:9      | Reached skill level 15 in Axes
  7730 | D:9      | Reached skill level 16 in Axes
  8008 | D:9      | Noticed a two-headed ogre
  8013 | D:9      | Killed a two-headed ogre
  8260 | D:9      | Found a viscous altar of Jiyva.
  8414 | D:10     | Entered Level 10 of the Dungeon
  8415 | D:10     | Noticed a two-headed ogre
  8424 | D:10     | Killed a two-headed ogre
  8425 | D:10     | Reached skill level 17 in Axes
  8505 | D:9      | Reached XP level 11. HP: 69/101 MP: 10/10
  8540 | D:10     | Noticed a two-headed ogre
  8542 | D:10     | HP: 50/101 [orc priest/+0 trident (1)]
  8620 | D:10     | Killed a two-headed ogre
  8982 | D:10     | Found a staircase to the Lair.
  9196 | D:10     | Found Foec's General Store.
  9201 | D:10     | Bought a potion of invisibility for 80 gold pieces
  9201 | D:10     | Bought a potion of enlightenment for 50 gold pieces
  9201 | D:10     | Bought 2 potions of lignification for 60 gold pieces
  9201 | D:10     | Bought a potion of invisibility for 80 gold pieces
  9201 | D:10     | Bought a potion of curing for 30 gold pieces
  9370 | D:11     | Reached skill level 18 in Axes
  9370 | D:11     | Reached skill level 11 in Fighting
  9425 | D:11     | Gained mutation: You are hated by all. [Ru sacrifice]
  9425 | D:11     | Reached ** piety under Ru
  9425 | D:11     | Reached *** piety under Ru
  9536 | D:11     | Reached skill level 4 in Armour
  9618 | D:11     | Noticed a boulder beetle
  9664 | D:11     | Killed a boulder beetle
  9665 | D:11     | Reached skill level 5 in Armour
  9734 | D:11     | Noticed Erica
  9742 | D:11     | HP: 50/102 [something (4)]
  9747 | D:11     | HP: 43/102 [something (7)]
  9749 | D:11     | Killed Erica
 10102 | Lair:1   | Entered Level 1 of the Lair of Beasts
 10205 | Lair:1   | Reached skill level 6 in Armour
 10243 | Lair:1   | Reached skill level 12 in Fighting
 10439 | Lair:1   | Noticed a six-headed hydra
 10444 | Lair:1   | Reached skill level 7 in Armour
 10462 | Lair:1   | HP: 51/105 [seven-headed hydra (3)]
 10463 | Lair:1   | Killed a seven-headed hydra
 10469 | Lair:1   | HP: 44/105 [yak (10)]
 10487 | Lair:1   | Reached skill level 8 in Armour
 10491 | Lair:1   | Reached skill level 13 in Fighting
 10854 | Lair:2   | Reached XP level 12. HP: 103/115 MP: 11/11
 10897 | Lair:2   | Reached skill level 1 in Dodging
 10900 | Lair:2   | Reached skill level 1 in Evocations
 10950 | Lair:2   | Identified the +9 quarterstaff of Objectivity {heavy, Fly
                  | rElec Str+3 SInv}
 10987 | Lair:2   | Identified the beast talisman of Complete Protection {rCorr
                  | MP+9 Int-4 Slay-5}
 11034 | Lair:2   | Reached skill level 2 in Dodging
 11102 | Lair:2   | Reached skill level 2 in Evocations
 11102 | Lair:2   | Gained mutation: Your casting is slightly disrupted. [Ru
                  | sacrifice]
 11760 | Lair:2   | Reached skill level 3 in Dodging
 11999 | Lair:3   | Reached skill level 9 in Armour
 12033 | Lair:3   | Found a staircase to the Shoals.
 12062 | Lair:3   | Found a hole to the Spider Nest.
 12065 | Lair:3   | Reached skill level 3 in Evocations
 12121 | Lair:3   | Reached skill level 4 in Dodging
 12371 | Lair:3   | Noticed Sonja
 12384 | Lair:3   | Killed Sonja
 12574 | Lair:3   | Reached skill level 14 in Fighting
 12665 | Lair:3   | Reached skill level 5 in Dodging
 12672 | Lair:3   | Reached skill level 10 in Armour
 13006 | Lair:3   | Gained mutation: Your magical capacity is low. (-10% MP)
                  | [Ru sacrifice]
 13352 | Lair:4   | Found a runed translucent door.
 13352 | Lair:4   | Noticed Gud Boel's ghost (journeyman DjFE)
 13363 | Lair:4   | Noticed a four-headed hydra
 13374 | Lair:4   | Killed a four-headed hydra
 13440 | Lair:4   | Found a frozen archway.
 13492 | IceCv    | Entered an ice cave
 13504 | IceCv    | Reached skill level 6 in Dodging
 13712 | IceCv    | Reached XP level 13. HP: 98/125 MP: 10/10
 13780 | IceCv    | Found an ancient bone altar of Kikubaaqudgha.
 13825 | IceCv    | Reached skill level 11 in Armour
 14060 | IceCv    | Reached skill level 7 in Dodging
 14210 | IceCv    | Reached skill level 15 in Fighting
 14253 | IceCv    | Identified the ring of Leaves {rN+ Str+4}
 14677 | Lair:4   | Found a staircase to the Slime Pits.
 14761 | Lair:4   | Identified the +0 ring mail of Grace {rPois rF- Str+3
                  | Slay+3}
 14802 | Lair:4   | Reached skill level 8 in Dodging
 14807 | Lair:4   | Reached skill level 12 in Armour
 15177 | Lair:5   | Entered Level 5 of the Lair of Beasts
 15191 | Lair:5   | Gained mutation: You are somewhat inexperienced. (-1 XL)
                  | [Ru sacrifice]
 15191 | Lair:5   | Reached XP level 12. HP: 119/119 MP: 9/9
 15191 | Lair:5   | Reached **** piety under Ru
 15191 | Lair:5   | Reached ***** piety under Ru
 15220 | Lair:5   | Reached skill level 9 in Dodging
 15504 | Lair:5   | Reached skill level 13 in Armour
 15963 | Lair:5   | Noticed a dire elephant
 15963 | Lair:5   | Noticed a dire elephant
 15963 | Lair:5   | Noticed a dire elephant
 15964 | Lair:5   | Noticed a dire elephant
 15976 | Lair:5   | Reached skill level 10 in Dodging
 16139 | Lair:5   | Killed a dire elephant
 16139 | Lair:5   | Killed a dire elephant
 16140 | Lair:5   | Reached XP level 13. HP: 109/117 MP: 1/10
 16145 | Lair:5   | Reached skill level 14 in Armour
 16233 | Lair:5   | Identified the +0 leather armour of Lugonu's Grace {rPois
                  | Str+6}
 16287 | Lair:5   | Reached skill level 11 in Dodging
 16307 | Lair:5   | Identified the +4 whip of Infection {vamp, Str+4}
 16998 | D:12     | Noticed Nergalle
 17004 | D:12     | Killed Nergalle
 17066 | D:12     | Reached skill level 15 in Armour
 17161 | D:12     | Gained mutation: You cannot be stealthy. [Ru sacrifice]
 17502 | D:13     | Reached skill level 12 in Dodging
 18337 | D:13     | Found a gate to the Vaults.
 19281 | D:15     | Entered Level 15 of the Dungeon
 19305 | D:15     | HP: 61/128 [seven-headed hydra (5)]
 19311 | D:15     | HP: 56/128 [seven-headed hydra (1)]
 19445 | D:15     | Gained mutation: You cannot voluntarily change form. [Ru
                  | sacrifice]
 19457 | D:15     | Reached skill level 16 in Armour
 19656 | D:15     | Reached skill level 13 in Dodging
 19772 | D:15     | Reached skill level 16 in Fighting
 19804 | D:15     | Reached XP level 14. HP: 118/137 MP: 11/11
 20507 | D:15     | Found a staircase to the Depths.
 21106 | Orc:1    | Entered Level 1 of the Orcish Mines
 21157 | Orc:1    | Found a transporter.
 21397 | Orc:1    | Noticed drcatpants2's ghost (journeyman TrSh)
 21464 | Orc:1    | Found a transporter.
 21495 | Orc:1    | Noticed Erolcha
 21508 | Orc:1    | Killed Erolcha
 21613 | Orc:2    | Entered Level 2 of the Orcish Mines
 22008 | Orc:2    | Found a staircase to the Elven Halls.
 22265 | Orc:2    | Paralysed by an orc sorcerer for 5 turns
 22381 | Orc:2    | Reached skill level 14 in Dodging
 22393 | Orc:2    | Reached skill level 17 in Armour
 22572 | Orc:2    | Found Vyabla Vuada's Antique Armour Shoppe.
 22573 | Orc:2    | Found Ligaecw's Antique Weapon Emporium.
 22575 | Orc:2    | Found Feixzoro's General Store.
 22575 | Orc:2    | Found Cenagusa's Book Shoppe.
 22580 | Orc:2    | Bought a glowing kite shield for 240 gold pieces
 22604 | Orc:2    | Bought a scroll of acquirement for 832 gold pieces
 22604 | Orc:2    | Acquired 451 gold pieces
 22606 | Orc:2    | Bought a scroll of acquirement for 832 gold pieces
 22606 | Orc:2    | Acquired 869 gold pieces
 22778 | Orc:1    | Reached skill level 4 in Shields
 22940 | Shoals:1 | Entered Level 1 of the Shoals
 22960 | Shoals:1 | HP: 61/125 [drowned by a drowned soul[a merfolk avatar]
                  | (14)]
 22966 | Shoals:1 | HP: 50/125 [drowned by a drowned soul[a merfolk avatar]
                  | (17)]
 22971 | Shoals:1 | HP: 30/125 [drowned by a drowned soul[a merfolk avatar]
                  | (11)]
 22974 | Shoals:1 | Reached skill level 5 in Shields
 23154 | Shoals:1 | HP: 42/112 [wind drake/the air (28)]
 23163 | Shoals:1 | Reached skill level 1 in Throwing
 23576 | Shoals:1 | Reached skill level 2 in Throwing
 23593 | Shoals:1 | HP: 51/107 [merfolk javelineer/silver javelin (4)]
 23767 | Shoals:1 | Reached skill level 6 in Shields
 24021 | Shoals:2 | Reached skill level 3 in Throwing
 24039 | Shoals:2 | Reached skill level 7 in Shields
 24079 | Shoals:2 | Reached skill level 4 in Throwing
 24135 | Shoals:2 | HP: 62/134 [faun/+0 spear (9)]
 24140 | Shoals:2 | HP: 48/134 [poisoned by a merfolk]
 24145 | Shoals:2 | HP: 39/138 [poisoned by a merfolk]
 24150 | Shoals:2 | HP: 37/138 [poisoned by a merfolk]
 24295 | Shoals:2 | Found a runed translucent gate.
 24295 | Shoals:2 | Found a runed translucent gate.
 24295 | Shoals:2 | Found a runed translucent gate.
 24445 | Shoals:2 | Reached skill level 8 in Shields
 24488 | Shoals:2 | Gained mutation: You are weak. (Str -2) [Ru sacrifice]
 24488 | Shoals:2 | Reached ****** piety under Ru
 24499 | Shoals:2 | Reached skill level 5 in Throwing
 24677 | Shoals:2 | Reached XP level 15. HP: 146/146 MP: 12/12
 24759 | Shoals:2 | Noticed a kraken
 24902 | Shoals:3 | Reached skill level 6 in Throwing
 24902 | Shoals:3 | Reached skill level 9 in Shields
 25118 | Shoals:3 | HP: 69/143 [poisoned by a sea snake]
 25123 | Shoals:3 | HP: 60/143 [poisoned by a sea snake]
 25128 | Shoals:3 | HP: 60/143 [poisoned by a sea snake]
 25226 | Shoals:3 | Found a large runed translucent door.
 25226 | Shoals:3 | Found a large runed translucent door.
 25227 | Shoals:3 | Noticed Vadun's ghost (adept TeMo)
 25237 | Shoals:3 | HP: 71/143 [merfolk impaler/+4 trident of venom (12)]
 25242 | Shoals:3 | HP: 41/144 [poisoned by a merfolk impaler]
 25243 | Shoals:3 | HP: 20/144 [merfolk impaler/+4 trident of venom (17)]
 25331 | Shoals:3 | Acquired the +1 cloak of Amelioration {rC+}
 25639 | Shoals:3 | Reached skill level 7 in Throwing
 25894 | Shoals:4 | Entered Level 4 of the Shoals
 25902 | Shoals:4 | Reached skill level 10 in Shields
 26184 | Shoals:4 | Reached skill level 8 in Throwing
 26211 | Shoals:4 | Reached skill level 11 in Shields
 26277 | Shoals:4 | Reached skill level 12 in Shields
 26335 | Shoals:4 | HP: 64/134 [merfolk/+0 halberd[a merfolk impaler] (5)]
 26344 | Shoals:4 | HP: 47/130 [sea snake (4)]
 26347 | Shoals:4 | Identified the +2 hand axe "Taddutucw" {venom, *Rage Fly
                  | rN+}
 26354 | Shoals:4 | Identified the ring "Ylocaj" {rF++ Int+6}
 26356 | Shoals:4 | HP: 40/130 [alligator snapping turtle (17)]
 26611 | Spider:1 | Entered Level 1 of the Spider Nest
 26752 | Spider:1 | Reached skill level 13 in Shields
 27113 | Spider:1 | Reached skill level 14 in Shields
 27401 | Spider:1 | Acquired a manual of Evocations
 27638 | Spider:2 | Reached XP level 16. HP: 151/154 MP: 13/13
 27716 | Spider:2 | Reached skill level 15 in Shields
 27963 | Spider:2 | Reached skill level 17 in Fighting
 28478 | Spider:3 | Reached skill level 4 in Evocations
 28495 | Spider:3 | Gained mutation: You occasionally lose the ability to read
                  | scrolls when taking damage. [mutagenic glow]
 28523 | Spider:3 | Gained mutation: You are very weak. (Str -4) [mutagenic
                  | glow]
 28545 | Spider:3 | Gained mutation: You have hidden genetic defects.
                  | [mutagenic glow]
 28555 | Spider:3 | Gained mutation: You are occasionally teleported next to
                  | monsters. [mutagenic glow]
 28571 | Spider:3 | Gained mutation: Your health recovers twice as slowly from
                  | being drained. [mutagenic glow]
 28589 | Spider:3 | Gained mutation: You do not regenerate when monsters are
                  | visible. [mutagenic glow]
 28867 | Spider:3 | Lost mutation: You do not regenerate when monsters are
                  | visible. [potion of mutation]
 28867 | Spider:3 | Lost mutation: You are occasionally teleported next to
                  | monsters. [potion of mutation]
 28867 | Spider:3 | Lost mutation: You are very weak. (Str -4) [potion of
                  | mutation]
 28867 | Spider:3 | Gained mutation: You have sharp toenails. [potion of
                  | mutation]
 28867 | Spider:3 | Gained mutation: Your flesh is cold resistant. (rC+)
                  | [potion of mutation]
 28867 | Spider:3 | Gained mutation: You have sharp fingernails. [potion of
                  | mutation]
 28868 | Spider:3 | Lost mutation: Your health recovers twice as slowly from
                  | being drained. [potion of mutation]
 28868 | Spider:3 | Lost mutation: You have hidden genetic defects. [potion of
                  | mutation]
 28868 | Spider:3 | Lost mutation: You have sharp toenails. [potion of
                  | mutation]
 28868 | Spider:3 | Gained mutation: You are resistant to electric shocks.
                  | (rElec) [potion of mutation]
 28868 | Spider:3 | Gained mutation: You have a pair of large horns on your
                  | head. [potion of mutation]
 28869 | Spider:3 | Lost mutation: You are resistant to electric shocks.
                  | (rElec) [potion of mutation]
 28869 | Spider:3 | Lost mutation: Your flesh is cold resistant. (rC+) [potion
                  | of mutation]
 28869 | Spider:3 | Gained mutation: Your spells are a little harder to cast,
                  | but a little more powerful. [potion of mutation]
 28870 | Spider:3 | Lost mutation: You have sharp fingernails. [potion of
                  | mutation]
 28870 | Spider:3 | Lost mutation: You have a pair of large horns on your head.
                  | [potion of mutation]
 28870 | Spider:3 | Gained mutation: Armour fits poorly on your strangely
                  | shaped body. [potion of mutation]
 28870 | Spider:3 | Gained mutation: Your magical capacity is very low. (-20%
                  | MP) [potion of mutation]
 28871 | Spider:3 | Lost mutation: You occasionally lose the ability to read
                  | scrolls when taking damage. [potion of mutation]
 28871 | Spider:3 | Lost mutation: Your spells are a little harder to cast, but
                  | a little more powerful. [potion of mutation]
 28871 | Spider:3 | Gained mutation: You have supernaturally acute eyesight.
                  | (SInv) [potion of mutation]
 28871 | Spider:3 | Gained mutation: You are partially covered in iridescent
                  | scales. (AC +2) [potion of mutation]
 29187 | Spider:4 | Entered Level 4 of the Spider Nest
 29349 | Spider:4 | Reached skill level 5 in Evocations
 29492 | Spider:4 | HP: 54/155 [disintegration (33)]
 29502 | Spider:4 | HP: 50/155 [emperor scorpion simulacrum (6)]
 29722 | Spider:4 | Acquired a manual of Fighting
 30190 | Spider:4 | Reached skill level 6 in Evocations
 30208 | Spider:4 | Reached skill level 9 in Throwing
 30358 | Spider:4 | Reached skill level 18 in Fighting
 30561 | Spider:4 | HP: 71/152 [steelbarb worm (13)]
 30566 | Spider:4 | Reached skill level 7 in Evocations
 30808 | Spider:4 | Got a gossamer rune of Zot
 31120 | Shoals:4 | Reached skill level 15 in Dodging
 31228 | Shoals:4 | Paralysed by a formless jellyfish for 1 turns
 31232 | Shoals:4 | Paralysed by a formless jellyfish for 1 turns
 31233 | Shoals:4 | HP: 76/159 [constriction (5)]
 31238 | Shoals:4 | Reached skill level 18 in Armour
 31238 | Shoals:4 | HP: 54/159 [poisoned by a formless jellyfish]
 31243 | Shoals:3 | HP: 38/159 [poisoned by a formless jellyfish]
 31477 | Shoals:4 | Reached XP level 17. HP: 129/149 MP: 3/12
 31659 | Shoals:3 | HP: 68/150 [daeva/divine providence (14)]
 31844 | Shoals:4 | HP: 74/155 [merfolk impaler/+2 trident of flaming (13)]
 31854 | Shoals:4 | Reached skill level 8 in Evocations
 32447 | Shoals:4 | Found a glowing silver altar of Zin.
 32489 | Shoals:4 | Identified the staff "Fecs" {rC+ Str+2 Earth}
 32537 | Shoals:4 | Reached skill level 10 in Throwing
 32634 | Shoals:4 | Found a white marble altar of Elyvilon.
 32647 | Shoals:4 | Identified the staff of the Wizarding Hero {rC+ Dex+3 Ice}
 32701 | Shoals:4 | Reached skill level 19 in Fighting
 32707 | Shoals:4 | Found a glowing golden altar of the Shining One.
 32723 | Shoals:4 | Got a barnacled rune of Zot
 32766 | Shoals:4 | Identified the +1 rapier "Goemierph" {heavy, rCorr MP+9
                  | Str+2 Int+3}
 33091 | Depths:1 | Entered Level 1 of the Depths
 33093 | Depths:1 | Found a gateway to Hell.
 33398 | Depths:1 | Reached skill level 9 in Evocations
 33450 | Depths:1 | Noticed Saint Roka
 33462 | Depths:1 | Killed Saint Roka
 33924 | Depths:1 | Noticed a tentacled monstrosity
 33933 | Depths:1 | Killed a tentacled monstrosity
 34075 | Depths:1 | Found a one-way gateway to a ziggurat.
 34230 | Depths:2 | Noticed a lich
 34272 | Depths:2 | Killed a lich
 34298 | Depths:2 | Found a one-way gate to the infinite horrors of the Abyss.
 34336 | Depths:2 | Reached skill level 10 in Evocations
 34403 | Depths:2 | Found an ancient bone altar of Kikubaaqudgha.
 34403 | Depths:2 | Found a shimmering altar of Xom.
 34413 | Depths:2 | Reached skill level 20 in Fighting
 34413 | Depths:2 | HP: 75/152 [poison (poison gas)]
 34418 | Depths:2 | HP: 46/152 [poison (poison gas)]
 34423 | Depths:2 | HP: 41/152 [poison (poison gas)]
 34428 | Depths:2 | HP: 43/152 [poison (poison gas)]
 34571 | Depths:2 | Noticed a lich
 34588 | Depths:2 | Killed a lich
 34589 | Depths:2 | Reached skill level 16 in Dodging
 34638 | Depths:2 | Noticed a lich
 34652 | Depths:2 | Killed a lich
 34709 | Depths:2 | Reached skill level 11 in Throwing
 34938 | Depths:2 | Found a shimmering altar of Xom.
 34941 | Depths:2 | HP: 62/150 [??? (60)]
 34943 | Depths:2 | Noticed a lich
 34947 | Depths:2 | HP: 47/151 [ancient champion/+3 great sword of draining
                  | (21)]
 34949 | Depths:2 | HP: 23/130 [torment (20)]
 34955 | Depths:2 | HP: 56/132 [+0 great mace of draining (18)]
 34958 | Depths:2 | Killed a lich
 34999 | Depths:2 | Reached XP level 18. HP: 94/136 MP: 13/13
 35138 | Depths:2 | Reached skill level 11 in Evocations
 35159 | Depths:2 | Paralysed by a vampire knight for 3 turns
 35160 | Depths:2 | HP: 62/149 [vampire knight/+1 great sword of chaos (21)]
 35160 | Depths:2 | HP: 30/149 [phantasmal warrior (1)]
 35360 | Depths:2 | Acquired the scarf of Qikkeo {+Inv, rElec}
 35609 | Depths:2 | Found a one-way gate leading to the halls of Pandemonium.
 35685 | Depths:3 | Noticed Parghit
 35689 | Depths:3 | Reached skill level 21 in Fighting
 35698 | Depths:3 | HP: 69/151 [Parghit (14)]
 35708 | Depths:3 | HP: 53/126 [Parghit (4)]
 35711 | Depths:3 | Killed Parghit
 35717 | Depths:3 | Identified the ring of Vucsag {Ice Will+ Int+3 SInv}
 35717 | Depths:3 | Noticed Josephina
 35722 | Depths:3 | HP: 26/129 [Josephina/ghostly fireball (33)]
 36261 | Depths:2 | HP: 52/126 [Josephina/staff of cold (17)]
 36266 | Depths:2 | HP: 34/122 [Josephina/ghostly fireball (13)]
 36267 | Depths:2 | Killed Josephina
 36836 | Depths:3 | HP: 55/111 [golden dragon simulacrum[Josephina] (22)]
 37119 | Depths:3 | Reached skill level 12 in Evocations
 37134 | Depths:3 | Reached skill level 12 in Throwing
 37156 | Depths:3 | HP: 58/125 [shadow dragon/bolt of negative energy (13)]
 37161 | Depths:3 | HP: 54/125 [shadow dragon (5)]
 37182 | Depths:3 | HP: 50/131 [spriggan rider/+0 spear (12)]
 37199 | Depths:3 | HP: 54/138 [poisoned by a spriggan rider]
 37455 | Depths:3 | Identified the ring of the Good {Str+6 Slay+2}
 37465 | Depths:3 | Reached skill level 22 in Fighting
 37467 | Depths:3 | HP: 73/151 [merfolk impaler/+2 demon trident of
                  | electrocution (13)]
 37476 | Depths:3 | HP: 74/157 [tengu warrior/+0 great mace (1)]
 37943 | Depths:3 | Identified the +12 longbow "Kythreh" {speed, rPois}
 37945 | Depths:3 | Noticed a golden dragon
 37955 | Depths:3 | Killed a golden dragon
 38090 | Depths:3 | Gained mutation: You do not regenerate when monsters are
                  | visible. [a cacodemon]
 38095 | Depths:3 | Reached skill level 23 in Fighting
 38262 | Depths:3 | Noticed a bone dragon
 38278 | Depths:3 | Killed a bone dragon
 38375 | Depths:2 | Lost mutation: Your magical capacity is very low. (-20% MP)
                  | [potion of mutation]
 38375 | Depths:2 | Lost mutation: You do not regenerate when monsters are
                  | visible. [potion of mutation]
 38375 | Depths:2 | Lost mutation: You are partially covered in iridescent
                  | scales. (AC +2) [potion of mutation]
 38375 | Depths:2 | Lost mutation: Armour fits poorly on your strangely shaped
                  | body. [potion of mutation]
 38375 | Depths:2 | Gained mutation: Your natural rate of healing is unusually
                  | fast. [potion of mutation]
 38375 | Depths:2 | Gained mutation: Your body sometimes deteriorates upon
                  | taking damage. [potion of mutation]
 38375 | Depths:2 | Gained mutation: You are partially covered in iridescent
                  | scales. (AC +2) [potion of mutation]
 38750 | Slime:1  | Entered Level 1 of the Pits of Slime
 38789 | Slime:1  | Reached skill level 13 in Evocations
 38974 | Slime:1  | Gained mutation: You sometimes lose your temper in combat.
                  | [a shining eye]
 38995 | Slime:2  | Lost mutation: You sometimes lose your temper in combat.
                  | [potion of mutation]
 38995 | Slime:2  | Lost mutation: You have supernaturally acute eyesight.
                  | (SInv) [potion of mutation]
 38995 | Slime:2  | Lost mutation: Your natural rate of healing is unusually
                  | fast. [potion of mutation]
 38995 | Slime:2  | Gained mutation: You expend magic power (3 MP) to
                  | strengthen your wands. [potion of mutation]
 38995 | Slime:2  | Gained mutation: You are agile. (Dex +4, Str/Int -1)
                  | [potion of mutation]
 38995 | Slime:2  | Gained mutation: You are frail. (-10% HP) [potion of
                  | mutation]
 38995 | Slime:2  | Gained mutation: Your spells are a little harder to cast,
                  | but a little more powerful. [potion of mutation]
 39003 | Slime:2  | Gained mutation: You occasionally shout uncontrollably at
                  | your foes. [a shining eye]
 39209 | Slime:2  | Gained mutation: You have a pair of large horns on your
                  | head. [a shining eye]
 39210 | Slime:2  | Gained mutation: You have a somewhat thin skeletal
                  | structure. (Dex +2, Stealth+) [a shining eye]
 39216 | Slime:2  | Reached XP level 19. HP: 153/168 MP: 16/16
 39238 | Slime:2  | HP: 84/173 [rockslime (22)]
 39248 | Slime:2  | HP: 74/178 [acid (3)]
 39595 | Slime:1  | Lost mutation: You are partially covered in iridescent
                  | scales. (AC +2) [potion of mutation]
 39595 | Slime:1  | Lost mutation: You have a somewhat thin skeletal structure.
                  | (Dex +2, Stealth+) [potion of mutation]
 39595 | Slime:1  | Lost mutation: You occasionally shout uncontrollably at
                  | your foes. [potion of mutation]
 39595 | Slime:1  | Gained mutation: You are covered in fur. (AC +1) [potion of
                  | mutation]
 39595 | Slime:1  | Lost mutation: Your body sometimes deteriorates upon taking
                  | damage. [potion of mutation]
 39619 | Slime:2  | Reached skill level 24 in Fighting
 39619 | Slime:2  | Reached skill level 14 in Evocations
 39707 | Slime:5  | Entered Level 5 of the Pits of Slime
 39741 | Slime:5  | Gained mutation: You occasionally shout uncontrollably at
                  | your foes. [a shining eye]
 39773 | Slime:5  | HP: 112/267 [acid blob (24)]
 39778 | Slime:5  | HP: 102/267 [acid (3)]
 39780 | Slime:5  | HP: 41/267 [acid blob/splash of acid (21)]
 39962 | Slime:5  | HP: 78/157 [acid blob/splash of acid (16)]
 39972 | Slime:4  | Gained mutation: You sometimes lose your temper in combat.
                  | [a shining eye]
 39977 | Slime:4  | Gained mutation: Your health recovers twice as slowly from
                  | being drained. [a shining eye]
 39979 | Slime:4  | Lost mutation: Your spells are a little harder to cast, but
                  | a little more powerful. [potion of mutation]
 39979 | Slime:4  | Lost mutation: You are covered in fur. (AC +1) [potion of
                  | mutation]
 39979 | Slime:4  | Gained mutation: You are partially covered in iridescent
                  | scales. (AC +2) [potion of mutation]
 39979 | Slime:4  | Lost mutation: You have a pair of large horns on your head.
                  | [potion of mutation]
 39979 | Slime:4  | Gained mutation: Your spells are a little harder to cast,
                  | but a little more powerful. [potion of mutation]
 39980 | Slime:4  | Lost mutation: You are partially covered in iridescent
                  | scales. (AC +2) [potion of mutation]
 39980 | Slime:4  | Lost mutation: Your spells are a little harder to cast, but
                  | a little more powerful. [potion of mutation]
 39980 | Slime:4  | Gained mutation: Your body sometimes deteriorates upon
                  | taking damage. [potion of mutation]
 39980 | Slime:4  | Gained mutation: You are very agile. (Dex +8, Str/Int -2)
                  | [potion of mutation]
 39980 | Slime:4  | Gained mutation: You passively map a small area around you.
                  | [potion of mutation]
 40407 | Slime:5  | Reached skill level 13 in Throwing
 40812 | Slime:5  | Noticed the Royal Jelly
 40835 | Slime:5  | Killed the Royal Jelly
 40835 | Slime:5  | HP: 75/154 [acid blob/splash of acid[the Royal Jelly] (3)]
 40840 | Slime:5  | HP: 66/159 [azure jelly[the Royal Jelly] (7)]
 40846 | Slime:5  | HP: 51/159 [acid[the Royal Jelly] (1)]
 40851 | Slime:5  | HP: 43/134 [acid[the Royal Jelly] (2)]
 41510 | Slime:5  | Identified the staff "Parhasedeidd" {rF- rN+ Int+8 Earth}
 41514 | Slime:5  | Identified the ring of Tiober {rN+ Will+ MP-9 Slay+2}
 41525 | Slime:5  | Identified the amulet of Equilibrium {Spirit rN+ rCorr
                  | Str+2}
 41562 | Slime:5  | Identified the +8 hand axe of the Fool {flame, Dex+4}
 41563 | Slime:5  | Identified the +2 hand axe of Grace {spect, Str+6}
 41586 | Slime:5  | Got a slimy rune of Zot
 41638 | Slime:5  | Reached skill level 14 in Throwing
 42527 | Slime:5  | Lost mutation: You sometimes lose your temper in combat.
                  | [potion of mutation]
 42527 | Slime:5  | Lost mutation: You expend magic power (3 MP) to strengthen
                  | your wands. [potion of mutation]
 42897 | Depths:2 | Identified the +6 arbalest "Eceas" {drain, rElec rCorr
                  | Int-4 SInv}
 42927 | Depths:2 | HP: 54/143 [something/bolt of cold (22)]
 42933 | Depths:2 | HP: 41/145 [spark wasp (17)]
 42944 | Depths:2 | HP: 55/139 [ice dragon/blast of cold (13)]
 43191 | Depths:4 | Entered Level 4 of the Depths
 43494 | D:9      | Reached skill level 15 in Throwing
 43498 | D:9      | Killed jkubb29's ghost
 44324 | Depths:4 | Noticed a caustic shrike
 44324 | Depths:4 | Noticed a caustic shrike
 44324 | Depths:4 | Noticed a caustic shrike
 44324 | Depths:4 | Noticed a caustic shrike
 44324 | Depths:4 | Noticed a caustic shrike
 44328 | Depths:3 | Killed a caustic shrike
 44329 | Depths:3 | Killed a caustic shrike
 44330 | Depths:3 | Killed a caustic shrike
 44331 | Depths:3 | Killed a caustic shrike
 44416 | Depths:4 | Found the +13 scythe of Curses {drain, curses, ^Drain}
 44608 | Depths:4 | Noticed a golden dragon
 44616 | Depths:4 | Killed a golden dragon
 44740 | Depths:4 | Reached skill level 16 in Throwing
 44760 | Depths:4 | Reached skill level 19 in Armour
 44776 | Depths:4 | HP: 67/134 [storm dragon (12)]
 44782 | Depths:4 | HP: 58/134 [storm dragon/bolt of lightning (11)]
 44793 | Depths:4 | HP: 39/129 [shadow dragon/bolt of negative energy (22)]
 44812 | Depths:4 | Noticed a golden dragon
 44947 | Depths:4 | Found a gate to the Realm of Zot.
 44959 | Depths:4 | Killed a golden dragon
 44960 | Depths:4 | Reached XP level 20. HP: 77/118 MP: 17/17
 45153 | Depths:4 | Killed a caustic shrike
 45325 | Depths:4 | Noticed a juggernaut
 45336 | Depths:4 | Killed a juggernaut
 45654 | Depths:4 | Found a glowing golden altar of the Shining One.
 46513 | Zot:1    | Entered Level 1 of the Realm of Zot
 46546 | Zot:1    | Noticed a golden dragon
 46548 | Zot:1    | Noticed a golden dragon
 46555 | Zot:1    | Killed a golden dragon
 46564 | Zot:1    | HP: 70/146 [red draconian scorcher/bolt of magma[a green
                  | draconian monk] (18)]
 46565 | Zot:1    | Killed a golden dragon
 47120 | Zot:1    | HP: 70/151 [green draconian monk (13)]
 47122 | Zot:1    | HP: 33/151 [poisoned by a yellow draconian annihilator
                  | (poison arrow)]
 47123 | Zot:1    | HP: 14/125 [poisoned by a yellow draconian annihilator
                  | (poison arrow)]
 47125 | Depths:4 | HP: 6/125 [poisoned by a yellow draconian annihilator
                  | (poison arrow)]
 47803 | Zot:1    | Reached skill level 16 in Shields
 48167 | Zot:1    | HP: 60/140 [quicksilver dragon (17)]
 48173 | Zot:1    | HP: 51/140 [electric golem (3)]
 48506 | Zot:1    | Reached skill level 17 in Dodging
 49321 | Zot:2    | HP: 65/135 [black draconian knight/bolt of lightning (9)]
 49327 | Zot:2    | HP: 47/137 [black draconian/bolt of lightning (10)]
 49365 | Zot:2    | HP: 61/131 [green draconian monk[a white draconian
                  | stormcaller] (7)]
 49370 | Zot:2    | HP: 48/131 [green draconian monk[a white draconian
                  | stormcaller] (13)]
 49710 | Zot:2    | Reached skill level 20 in Armour
 49883 | Zot:3    | HP: 69/139 [something (4)]
 49888 | Zot:3    | HP: 61/139 [something (1)]
 49963 | Zot:3    | HP: 59/140 [purple draconian/bolt of dispelling energy[a
                  | red draconian scorcher] (18)]
 49976 | Zot:3    | HP: 60/142 [yellow draconian annihilator/glob of acid[a red
                  | draconian scorcher] (4)]
 50297 | Zot:3    | Noticed a golden dragon
 50311 | Zot:3    | Killed a golden dragon
 50652 | Zot:4    | Reached skill level 25 in Fighting
 50669 | Zot:5    | Entered Level 5 of the Realm of Zot
 50682 | Zot:5    | HP: 59/133 [Orb Guardian (19)]
 50687 | Zot:5    | HP: 59/133 [something/bolt of lightning (2)]
 50914 | Zot:5    | Reached XP level 21. HP: 135/148 MP: 17/17
 50973 | Zot:5    | HP: 67/151 [yellow draconian/glob of acid (11)]
 50987 | Zot:5    | HP: 58/130 [Orb Guardian (15)]
 50993 | Zot:5    | Reached skill level 17 in Shields
 51024 | Zot:5    | HP: 65/136 [moth of wrath (11)]
 51430 | Zot:5    | Noticed a golden dragon
 51454 | Zot:5    | Killed a golden dragon
 51459 | Zot:5    | Noticed a dread lich
 51480 | Zot:5    | Killed a dread lich
 51489 | Zot:5    | Noticed an orb of fire
 51503 | Zot:5    | Gained mutation: You occasionally lose the ability to read
                  | scrolls when taking damage. [an orb of fire]
 51505 | Zot:5    | Killed an orb of fire
 51505 | Zot:5    | Noticed an orb of fire
 51510 | Zot:5    | Noticed a dread lich
 51517 | Zot:5    | Gained mutation: You have hidden genetic defects. [an orb
                  | of fire]
 51522 | Zot:5    | Paralysed by a dread lich for 3 turns
 51526 | Zot:5    | Noticed a dread lich
 51527 | Zot:5    | Killed an orb of fire
 51527 | Zot:5    | Killed a dread lich
 52283 | Zot:5    | Killed a dread lich
 52284 | Zot:5    | Reached skill level 18 in Dodging
 52307 | Zot:5    | Noticed a Killer Klown
 52312 | Zot:5    | Noticed a Killer Klown
 52324 | Zot:5    | HP: 67/141 [Killer Klown/+8 spectral club (20)]
 52325 | Zot:5    | Killed a Killer Klown
 52331 | Zot:5    | Killed a Killer Klown
 52615 | Zot:5    | Reached skill level 21 in Armour
 52621 | Zot:5    | Gained mutation: Potions are less effective at restoring
                  | your health. [hidden defects]
 53008 | Zot:5    | Noticed an orb of fire
 53013 | Zot:5    | Noticed an orb of fire
 53015 | Zot:5    | Gained mutation: You are very frail. (-20% HP) [an orb of
                  | fire]
 53016 | Zot:5    | Noticed an orb of fire
 53034 | Zot:5    | Gained mutation: Your body often deteriorates upon taking
                  | damage. [an orb of fire]
 53038 | Zot:5    | Killed an orb of fire
 53041 | Zot:5    | Killed an orb of fire
 53041 | Zot:5    | Noticed an orb of fire
 53045 | Zot:5    | Killed an orb of fire
 53046 | Zot:5    | Reached skill level 18 in Shields
 53622 | Zot:5    | Gained mutation: You are very weak. (Str -4) [an orb of
                  | fire]
 53625 | Zot:5    | Gained mutation: You are vulnerable to heat. (rF-) [an orb
                  | of fire]
 53630 | Zot:5    | Noticed a dread lich
 53633 | Zot:4    | HP: 62/129 [orb of fire/bolt of fire (6)]
 53638 | Zot:4    | HP: 59/130 [orb of fire/fireball (5)]
 53642 | Zot:4    | Gained mutation: You sometimes lose the ability to read
                  | scrolls when taking damage. [an orb of fire]
 53643 | Zot:4    | HP: 49/130 [orb of fire/bolt of fire (7)]
 53644 | Zot:4    | Gained mutation: You have terrible hidden genetic defects.
                  | [an orb of fire]
 53650 | Zot:4    | Killed an orb of fire
 54161 | Zot:5    | HP: 57/135 [Ice Fiend[a dread lich] (15)]
 54166 | Zot:5    | Noticed a Killer Klown
 54166 | Zot:5    | Gained mutation: Your spells are a little easier to cast,
                  | but a little less powerful. [hidden defects]
 54166 | Zot:5    | Lost mutation: You have terrible hidden genetic defects.
                  | [hidden defects expressed]
 54169 | Zot:5    | HP: 36/115 [dread lich (8)]
 54171 | Zot:5    | Noticed a dread lich
 54175 | Zot:4    | HP: 32/113 [electric golem (6)]
 54561 | Zot:4    | Killed a dread lich
 54578 | Zot:4    | Paralysed by a dread lich for 2 turns
 54583 | Zot:4    | Killed a dread lich
 54720 | Zot:5    | Killed a Killer Klown
 54801 | Zot:5    | Reached skill level 26 in Fighting
 55053 | Zot:5    | HP: 53/132 [purple draconian shifter/bolt of dispelling
                  | energy (17)]
 55060 | Zot:5    | HP: 53/132 [purple draconian shifter/+0 long sword (2)]
 55066 | Zot:5    | HP: 22/132 [purple draconian shifter/bolt of dispelling
                  | energy (23)]
 55282 | Zot:5    | Got the Orb of Zot
 55498 | Depths:3 | Reached XP level 22. HP: 127/132 MP: 18/18
 55937 | D:$      | Escaped with the Orb!

Illustrated notes

Levels and vault maps discovered:
D:1:      amcnicky_arrival_single_pillar, layout_basic
D:2:      layout_loops_ring, minmay_misc_feat_room, minmay_fractal_squares_5
D:3:      layout_rooms, serial_glass, glass_columns_a, glass_columns_c,
          gammafunk_ghost_grave, serial_shops, nicolae_shop_trees, shop, shop,
          moated_statue, uniq_natasha
D:4:      layout_cave_pods, grunt_tough_drop
D:5:      layout_basic, mainiacjoe_ossuary_entry_find_the_door, uniq_eustachio
D:6:      layout_basic, overflow_temple_1_default, serial_co_window_serial,
          co_window_corner_a, co_window_paths_a, co_window_paths_a,
          co_window_of_opportunity_a, co_window_paths_a, co_window_broadway_a,
          co_window_broadway_a, co_window_corner_b, glass_columns_a,
          glass_columns_c, serial_shops, shop, uniq_sigmund
D:7:      kb_forest_paths, layout_basic, minmay_temple_entry_stoned_glass,
          enter_bailey_2
D:8:      layout_basic
D:9:      layout_irregular_city, minmay_orc_entry_temple_small,
          gammafunk_ghost_ooze
D:10:     layout_loops_ring, lair_entry_dummy, serial_shops,
          nicolae_shop_waterfront
D:11:     layout_basic, uniq_erica
D:12:     layout_irregular_city, uniq_nergalle
D:13:     layout_irregular_city, hellmonk_vaults_attempted_burglary
D:14:     layout_stronghold, hangedman_abyss_or_decor_lesser_grid,
          corexii_checkpoint
D:15:     gammafunk_enter_depths_forms, layout_layer_cave
Temple:   mainiacjoe_temple_starburst
Lair:1:   layout_misc_corridors, infiniplex_staircase_pool_2, grunt_megastairs_4
Lair:2:   layout_cave_pods
Lair:3:   layout_layer_cave, minmay_shoals_entry_beasts,
          hellmonk_spider_entry_not_the_bees, chequers_serial_rivers_room_b,
          serial_bayou_shore_b, uniq_sonja
Lair:4:   layout_regular_city, slime_entry_1, portal_ice_cave_entry_pillars_1,
          hellmonk_ghost_happy_afterlife, serial_bayou_lagoon_b,
          grunt_megastairs_5
Lair:5:   due_jungle_book, layout_loops_ring, serial_bayou_shore_a
Shoals:1: layout_shoals
Shoals:2: layout_shoals, ebering_ghost_rock_garden
Shoals:3: nicolae_shoals_aurelia_aurita, layout_shoals,
          ebering_ghost_disaster_area, nicolae_shoals_bring_sunscreen
Shoals:4: shoals_end_hellmonk_holy_island
Spider:1: layout_spider_delve, drop_trap, nicolae_spider_circle_web
Spider:2: layout_spider_delve
Spider:3: layout_spider_delve, nicolae_spider_not_touching_you
Spider:4: guppyfry_spider_rune, hellmonk_narrow_tunnel
Slime:1:  layout_caves, nicolae_slime_phagocytosis
Slime:2:  layout_caves, special_room [special_room_jelly],
          nicolae_slime_getting_an_eyeful
Slime:3:  cheibrodos_slime_lost_civilization_1, layout_caves, basic_altar
Slime:4:  layout_caves
Slime:5:  slime_pit_nicolae_trefoil
Orc:1:    layout_caves, gammafunk_ghost_stat_death, uniq_erolcha
Orc:2:    st_orc_congregation, layout_diamond_mine
Depths:1: layout_gridlike, enter_ziggurat_c, serial_bayou_lagoon_a, hell_entry,
          lightli_corner_chamber, serial_bayou_shore_b,
          infiniplex_staircase_pool_lava, uniq_saint_roka
Depths:2: skrybe_chaotic_catacombs, layout_cave_shapes,
          pf_vacation_house_of_asmodeus, rand_demon_pan_entry_1,
          hangedman_abyss_entry_splay
Depths:3: minmay_the_grid_triangle_9x9_rhombus_thin
          [minmay_the_grid_triangle_9x9_from_above,
          minmay_the_grid_triangle_9x9_prize_schism,
          minmay_the_grid_triangle_9x9_sparse_checkered,
          minmay_the_grid_triangle_9x9_corruption], layout_cave_pools,
          grunt_mini_vestibule, rand_demon_pan_entry_9,
          abyss_entry_small_statue_room, serial_bayou_lake_a, uniq_parghit,
          uniq_josephina
Depths:4: evilmike_zot_entry_round, layout_basic, hell_entry, serial_aquarium,
          aquarium_bridge_straight [aquarium_subvault_bridge,
          aquarium_subvault_wall, aquarium_subvault_bridge,
          aquarium_subvault_window], aquarium_bridge_straight
          [aquarium_subvault_bridge, aquarium_subvault_wall,
          aquarium_subvault_bridge, aquarium_subvault_balcony],
          aquarium_window_corridor_2, aquarium_window_fake,
          aquarium_window_fake, aquarium_window_1, aquarium_view_4,
          aquarium_view_2b, aquarium_balcony_3a, nicolae_tso_swordbearing_angel
Zot:1:    layout_misc_corridors, regret_index_zotdec_misc_clamp, st_stairs_2
Zot:2:    layout_onion_interference, grunt_megastairs_2
Zot:3:    layout_basic, regret_index_zotdec_zees
Zot:4:    gammafunk_the_bubble [the_bubble_gammafunk_split], layout_gridlike
Zot:5:    layout_basic, regret_index_zotdec_onion_hex, guppyfry_library_mini

Skill      XL: |  1  2  3  4  5  6  7  8  9 10 11 12 13 14 15 16 17 18 19 20 21 |
---------------+----------------------------------------------------------------+-----
Fighting       | 4 5 6 7 8 10 13 14 16 18 20 23 24 25 26 | 26.0
Axes           | 3 4 5 6 8 10 13 17 18 | 18.0
Armour         | 8 13 16 17 18 19 20 21 | 21.6
Dodging        | 10 13 14 15 16 17 18 | 18.9
Evocations     | 3 7 10 13 14 | 14.0
Shields        | 8 14 15 16 18 | 18.5
Throwing       | 5 8 9 11 12 16 | 16.0

Action                     |  1- 3 |  4- 6 |  7- 9 | 10-12 | 13-15 | 16-18 | 19-21 | 22-24 || total
---------------------------+-------+-------+-------+-------+-------+-------+-------+-------++-------
  Melee: War axe           |    80 |   117 |   196 |       |       |       |       |       ||   393
         Headbutt          |     8 |    17 |    54 |   127 |   270 |   345 |   406 |    13 ||  1240
         Unarmed           |       |       |     6 |       |       |       |       |       ||     6
         Broad axe         |       |       |   112 |   557 |  1194 |  1252 |  1235 |    32 ||  4382
         Flail             |       |       |       |    20 |    14 |       |       |       ||    34
  Throw: Dart              |       |       |     1 |    28 |     9 |       |       |       ||    38
         Boomerang         |       |       |       |       |    14 |    65 |    68 |       ||   147
         Javelin           |       |       |       |       |       |    11 |    24 |       ||    35
 Invoke: Sacrifice Arcana  |       |       |     1 |       |       |       |       |       ||     1
         Sacrifice Love    |       |       |       |     1 |       |       |       |       ||     1
         Sacrifice Essence |       |       |       |     2 |       |       |       |       ||     2
         Apocalypse        |       |       |       |     1 |     9 |    12 |     9 |       ||    31
         Sacrifice Experie |       |       |       |     1 |       |       |       |       ||     1
         Sacrifice Stealth |       |       |       |       |     1 |       |       |       ||     1
         Sacrifice Forms   |       |       |       |       |     1 |       |       |       ||     1
         Sacrifice Purity  |       |       |       |       |     1 |       |       |       ||     1
         Reject Sacrifices |       |       |       |       |     1 |       |       |       ||     1
         Draw Out Power    |       |       |       |       |     1 |       |     5 |       ||     6
  Evoke: Wand              |       |       |     1 |    19 |    33 |     4 |       |       ||    57
    Use: Scroll            |       |     8 |     5 |    10 |    17 |     9 |    11 |       ||    60
         Potion            |       |       |     1 |     2 |     6 |    18 |    32 |       ||    59
   Stab: Distracted        |       |       |       |     3 |     3 |    13 |     6 |       ||    25
         Invisible         |       |       |       |     2 |     6 |     7 |    30 |     2 ||    47
         Paralysed         |       |       |       |       |    20 |    17 |    17 |       ||    54
 Armour: Scale mail        |    73 |    45 |       |       |       |       |       |       ||   118
         Chain mail        |       |    34 |   221 |   372 |    21 |       |       |       ||   648
         Skin              |       |       |     2 |       |       |       |     9 |       ||    11
         Plate armour      |       |       |       |    85 |   822 |   489 |       |       ||  1396
         Gold dragon scale |       |       |       |       |       |   206 |   870 |    11 ||  1087
  Dodge: Dodged            |    53 |    44 |   104 |   178 |   471 |   427 |   570 |     4 ||  1851
  Block: Buckler           |    25 |    23 |    74 |   135 |    93 |       |       |       ||   350
         Reflection        |       |       |     3 |     2 |     7 |       |       |       ||    12
         Kite shield       |       |       |       |       |   314 |   676 |   725 |    10 ||  1725

Levels and vault maps discovered:
D:1:      amcnicky_arrival_single_pillar, layout_basic
D:2:      layout_loops_ring, minmay_misc_feat_room, minmay_fractal_squares_5
D:3:      layout_rooms, serial_glass, glass_columns_a, glass_columns_c,
          gammafunk_ghost_grave, serial_shops, nicolae_shop_trees, shop, shop,
          moated_statue, uniq_natasha
D:4:      layout_cave_pods, grunt_tough_drop
D:5:      layout_basic, mainiacjoe_ossuary_entry_find_the_door, uniq_eustachio
D:6:      layout_basic, overflow_temple_1_default, serial_co_window_serial,
          co_window_corner_a, co_window_paths_a, co_window_paths_a,
          co_window_of_opportunity_a, co_window_paths_a, co_window_broadway_a,
          co_window_broadway_a, co_window_corner_b, glass_columns_a,
          glass_columns_c, serial_shops, shop, uniq_sigmund
D:7:      kb_forest_paths, layout_basic, minmay_temple_entry_stoned_glass,
          enter_bailey_2
D:8:      layout_basic
D:9:      layout_irregular_city, minmay_orc_entry_temple_small,
          gammafunk_ghost_ooze
D:10:     layout_loops_ring, lair_entry_dummy, serial_shops,
          nicolae_shop_waterfront
D:11:     layout_basic, uniq_erica
D:12:     layout_irregular_city, uniq_nergalle
D:13:     layout_irregular_city, hellmonk_vaults_attempted_burglary
D:14:     layout_stronghold, hangedman_abyss_or_decor_lesser_grid,
          corexii_checkpoint
D:15:     gammafunk_enter_depths_forms, layout_layer_cave
Temple:   mainiacjoe_temple_starburst
Lair:1:   layout_misc_corridors, infiniplex_staircase_pool_2, grunt_megastairs_4
Lair:2:   layout_cave_pods
Lair:3:   layout_layer_cave, minmay_shoals_entry_beasts,
          hellmonk_spider_entry_not_the_bees, chequers_serial_rivers_room_b,
          serial_bayou_shore_b, uniq_sonja
Lair:4:   layout_regular_city, slime_entry_1, portal_ice_cave_entry_pillars_1,
          hellmonk_ghost_happy_afterlife, serial_bayou_lagoon_b,
          grunt_megastairs_5
Lair:5:   due_jungle_book, layout_loops_ring, serial_bayou_shore_a
Shoals:1: layout_shoals
Shoals:2: layout_shoals, ebering_ghost_rock_garden
Shoals:3: nicolae_shoals_aurelia_aurita, layout_shoals,
          ebering_ghost_disaster_area, nicolae_shoals_bring_sunscreen
Shoals:4: shoals_end_hellmonk_holy_island
Spider:1: layout_spider_delve, drop_trap, nicolae_spider_circle_web
Spider:2: layout_spider_delve
Spider:3: layout_spider_delve, nicolae_spider_not_touching_you
Spider:4: guppyfry_spider_rune, hellmonk_narrow_tunnel
Slime:1:  layout_caves, nicolae_slime_phagocytosis
Slime:2:  layout_caves, special_room [special_room_jelly],
          nicolae_slime_getting_an_eyeful
Slime:3:  cheibrodos_slime_lost_civilization_1, layout_caves, basic_altar
Slime:4:  layout_caves
Slime:5:  slime_pit_nicolae_trefoil
Orc:1:    layout_caves, gammafunk_ghost_stat_death, uniq_erolcha
Orc:2:    st_orc_congregation, layout_diamond_mine
Depths:1: layout_gridlike, enter_ziggurat_c, serial_bayou_lagoon_a, hell_entry,
          lightli_corner_chamber, serial_bayou_shore_b,
          infiniplex_staircase_pool_lava, uniq_saint_roka
Depths:2: skrybe_chaotic_catacombs, layout_cave_shapes,
          pf_vacation_house_of_asmodeus, rand_demon_pan_entry_1,
          hangedman_abyss_entry_splay
Depths:3: minmay_the_grid_triangle_9x9_rhombus_thin
          [minmay_the_grid_triangle_9x9_from_above,
          minmay_the_grid_triangle_9x9_prize_schism,
          minmay_the_grid_triangle_9x9_sparse_checkered,
          minmay_the_grid_triangle_9x9_corruption], layout_cave_pools,
          grunt_mini_vestibule, rand_demon_pan_entry_9,
          abyss_entry_small_statue_room, serial_bayou_lake_a, uniq_parghit,
          uniq_josephina
Depths:4: evilmike_zot_entry_round, layout_basic, hell_entry, serial_aquarium,
          aquarium_bridge_straight [aquarium_subvault_bridge,
          aquarium_subvault_wall, aquarium_subvault_bridge,
          aquarium_subvault_window], aquarium_bridge_straight
          [aquarium_subvault_bridge, aquarium_subvault_wall,
          aquarium_subvault_bridge, aquarium_subvault_balcony],
          aquarium_window_corridor_2, aquarium_window_fake,
          aquarium_window_fake, aquarium_window_1, aquarium_view_4,
          aquarium_view_2b, aquarium_balcony_3a, nicolae_tso_swordbearing_angel
Zot:1:    layout_misc_corridors, regret_index_zotdec_misc_clamp, st_stairs_2
Zot:2:    layout_onion_interference, grunt_megastairs_2
Zot:3:    layout_basic, regret_index_zotdec_zees
Zot:4:    gammafunk_the_bubble [the_bubble_gammafunk_split], layout_gridlike
Zot:5:    layout_basic, regret_index_zotdec_onion_hex, guppyfry_library_mini

Table legend: (Time is in decaauts)
 A = Elapsed time spent in this place.
 B = Non-inter-level travel time spent in this place.
 C = Inter-level travel time spent in this place.
 D = Time resting spent in this place.
 E = Time spent auto-exploring this place.
 F = Levels seen in this place.
 G = Mean time per level.
                   A        B        C        D        E       F      G
               +--------+--------+--------+--------+--------+-----+--------+
         Total |  55490 |  49826 |   5664 |  13149 |  27507 |  47 | 1180.6 |
       Dungeon |  15685 |  13016 |   2669 |    314 |  10685 |  15 | 1045.7 |
        Temple |    110 |      1 |    109 |      0 |      0 |   1 |  110.0 |
          Lair |   6737 |   5878 |    859 |    462 |   4667 |   5 | 1347.4 |
        Shoals |   5364 |   4908 |    456 |   1369 |   2350 |   4 | 1341.0 |
   Spider Nest |   4329 |   4156 |    173 |    758 |   2509 |   4 | 1082.2 |
    Slime Pits |   3041 |   2730 |    311 |   1904 |    207 |   5 |  608.2 |
  Orcish Mines |   1662 |   1599 |     63 |     33 |   1286 |   2 |  831.0 |
        Depths |  10023 |   9209 |    814 |   3097 |   4391 |   4 | 2505.8 |
           Zot |   7466 |   7258 |    208 |   5211 |    740 |   5 | 1493.2 |
       Ossuary |    238 |    238 |      0 |      0 |    157 |   1 |  238.0 |
      Ice Cave |    831 |    831 |      0 |      0 |    512 |   1 |  831.0 |
               +--------+--------+--------+--------+--------+-----+--------+

Top non-repeatable levels by time:
Depths:4: 3373 daAuts
Depths:2: 2990 daAuts
   Zot:4: 2981 daAuts
Shoals:3: 2546 daAuts
Depths:3: 2053 daAuts
  Lair:3: 2044 daAuts
    D:15: 1870 daAuts
     D:9: 1856 daAuts
   Zot:1: 1735 daAuts
   Zot:5: 1617 daAuts
Depths:1: 1605 daAuts
  Lair:5: 1446 daAuts
Spider:4: 1399 daAuts
Spider:3: 1390 daAuts
     D:6: 1288 daAuts

Table legend:
 A = Kills in this place as a percentage of kills in the entire game.
 B = Kills by you in this place as a percentage of kills by you in the entire game.
 C = Kills by friends in this place as a percentage of kills by friends in the entire game.
 D = Other kills in this place as a percentage of other kills in the entire game.
 E = Experience gained in this place as a percentage of experience gained in the entire game.
 F = Experience gained in this place divided by the number of levels of this place that you have seen.
                   A       B       C       D       E      F
               +-------+-------+-------+-------+-------+----------------------
         Total | 100.0 | 100.0 |   N/A | 100.0 | 100.0 | 18066.1
       Dungeon |  23.2 |  23.4 |   N/A |   4.5 |   7.2 | 4049.7
          Lair |   9.7 |   9.8 |   N/A |   4.5 |   5.8 | 9803.2
        Shoals |  11.3 |  11.0 |   N/A |  36.4 |  11.2 | 23860.5
   Spider Nest |  11.9 |  11.8 |   N/A |  18.2 |   9.9 | 21026.2
    Slime Pits |   7.4 |   7.4 |   N/A |   9.1 |  10.0 | 16919.8
  Orcish Mines |   7.8 |   7.9 |   N/A |   4.5 |   2.1 | 8777.5
        Depths |  15.7 |  15.6 |   N/A |  18.2 |  27.1 | 57550.5
           Zot |   8.8 |   8.8 |   N/A |   4.5 |  25.6 | 43550.8
       Ossuary |   1.0 |   1.0 |   N/A |   0.0 |   0.0 | 156.0
      Ice Cave |   3.2 |   3.2 |   N/A |   0.0 |   1.1 | 9533.0
               +-------+-------+-------+-------+-------+----------------------
